Map: Oceanborn LE

Players

wgibb

  • Race: Terran Terran
  • Spawn Location: 11:00

bigbrothers - Winner!

  • Race: Terran Terran
  • League: Platinum
  • Spawn Location: 5:00

VOD

Have the link to the VOD?

Description

Don't undestand what happend at the end

Time

  • Played on: July 27, 2024, 10:25 p.m.
  • Length: 33:16
Show
View Real Time Build Order
Export as new Build Order

wgibb Terran 

Build Orders: Cyclone Opening 

Get SALT Encoding   

  12  0:03  SCV  
  13  0:15  SCV  
  13  0:19  Supply Depot  
  14  0:27  SCV  
  15  0:30  Refinery  
  15  0:41  SCV  
  16  0:46  Barracks  
  16  0:53  SCV  
  17  1:05  SCV  
  18  1:17  SCV  
  20  1:34  Reaper  
  20  1:36  Orbital Command  
  20  1:46  Command Center  
  19  2:01  Factory  
  19  2:07  Supply Depot, SCV  
  20  2:10  Marine  
  21  2:19  SCV  
  22  2:31  Marine  
  22  2:35  SCV  
  24  2:38  Refinery  
  24  2:47  Supply Depot, SCV, Cyclone  
  24  2:51  Marine  
  28  2:56  Starport  
  29  3:01  Orbital Command  
  28  3:08  SCV  
  28  3:09  Marine  
  30  3:20  SCV  
  30  3:21  Barracks  
  31  3:28  SCV  
  31  3:32  SCV, Marine  
  33  3:37  Cyclone  
  33  3:39  Starport Reactor  
  33  3:40  SCV  
  36  3:45  SCV  
  37  3:52  SCV  
  38  3:56  Marine  
  38  3:57  SCV  
  38  4:00  Supply Depot  
  40  4:04  SCV  
  40  4:09  SCV  
  42  4:10  Factory Tech Lab  
  42  4:16  SCV  
  43  4:19  Engineering Bay  
  43  4:21  SCV, Refinery  
  44  4:24  Refinery, Barracks Tech Lab  
  44  4:27  Medivac  
  44  4:28  SCV  
  47  4:33  SCV  
  47  4:38  Supply Depot  
  48  4:39  Siege Tank  
  48  4:40  SCV  
  48  4:45  SCV  
  53  4:48  Viking  
  53  4:52  SCV  
  56  4:57  Missile Turret, SCV  
  56  5:02  Terran Infantry Armor Level 1  
  56  5:04  SCV  
  56  5:05  Barracks Reactor  
  57  5:08  Stimpack  
  57  5:09  SCV  
  58  5:15  Siege Tank  
  58  5:16  SCV  
  62  5:21  SCV  
  62  5:24  Missile Turret  
  62  5:27  Missile Turret  
  63  5:28  SCV  
  63  5:30  Marine  
  63  5:33  Supply Depot  
  63  5:35  SCV  
  66  5:37  Liberator  
  66  5:41  SCV  
  70  5:43  Supply Depot  
  70  5:49  Supply Depot  
  70  5:54  SCV  
  71  6:02  Missile Turret x2, Siege Tank  
  71  6:03  Marine  
  75  6:06  Marine  
  75  6:07  Factory  
  76  6:15  Barracks  
  76  6:16  Missile Turret  
  76  6:19  Supply Depot  
  76  6:22  Supply Depot, Marine  
  76  6:23  SCV  
  78  6:33  Barracks, Marine  
  78  6:35  Supply Depot  
  78  6:37  Medivac  
  81  6:41  Marine  
  81  6:42  Supply Depot  
  81  6:45  Siege Tank  
  85  6:53  Factory Tech Lab  
  85  6:55  Supply Depot  
  85  6:56  SCV  
  85  6:57  Marauder, Marine  
  74  7:16  Marine  
  74  7:17  Marine x2  
  74  7:18  Marine  
  74  7:19  Siege Tank  
  70  7:34  Command Center, Marine x2  
  70  7:35  Marine  
  70  7:36  Marine  
  74  7:39  Marine  
  74  7:40  Medivac  
  74  7:42  Viking  
  79  7:48  SCV  
  79  7:50  Missile Turret, SCV  
  81  7:52  Marine x3  
  81  7:54  Marine  
  83  8:00  Marine  
  80  8:09  Siege Tank  
  80  8:10  Liberator  
  80  8:12  Liberator, Marauder  
  91  8:16  Marine  
  91  8:17  Marine x2  
  91  8:18  Marine  
  95  8:20  Siege Tank  
  97  8:29  SCV x2  
  97  8:33  Marine  
  93  8:34  Marine x3  
  96  8:46  Siege Tank  
  96  8:47  Marine  
  100  8:51  Marauder  
  100  8:52  Marine, Siege Tank  
  100  8:53  Liberator  
  105  9:00  Marine x2  
  106  9:04  Marine  
  102  9:10  Marine  
  102  9:13  Marauder, Terran Infantry Weapons Level 1  
  100  9:17  Supply Depot  
  100  9:18  Marine x2, Siege Tank  
  100  9:20  Supply Depot  
  100  9:22  Marine  
  100  9:25  Siege Tank  
  97  9:34  Marauder  
  96  9:45  Planetary Fortress  
  96  9:46  SCV x2  
  96  9:52  Viking x2  
  99  9:56  Marauder  
  99  9:58  SCV  
  102  10:09  Siege Tank  
  102  10:13  Missile Turret  
  102  10:14  Missile Turret, Refinery  
  105  10:17  Marauder  
  105  10:20  Marine x2  
  109  10:21  Viking  
  109  10:22  Medivac  
  109  10:24  Barracks Reactor, Refinery  
  114  10:28  SCV  
  114  10:30  Supply Depot  
  114  10:32  Combat Shield  
  114  10:35  Barracks Reactor  
  114  10:43  Starport  
  114  10:44  Supply Depot  
  114  10:47  Marauder, Marine  
  114  10:48  SCV  
  114  10:49  Missile Turret  
  118  10:51  Medivac  
  118  10:52  Viking  
  118  10:53  Marine  
  123  11:01  Siege Tank  
  123  11:03  Marine  
  127  11:06  Sensor Tower  
  127  11:13  Missile Turret  
  127  11:18  Supply Depot, Sensor Tower  
  127  11:20  Missile Turret  
  127  11:21  Medivac  
  127  11:22  Armory, SCV  
  130  11:26  Missile Turret  
  130  11:33  Marine  
  130  11:34  Marauder, Siege Tank  
  130  11:35  Supply Depot, Siege Tank  
  139  11:44  Marine x2  
  141  11:50  Missile Turret, Supply Depot  
  141  11:53  Supply Depot  
  141  11:55  Marauder  
  143  12:08  Marine x3, Siege Tank x2  
  148  12:13  Marine  
  148  12:14  Marine  
  144  12:16  Marauder  
  128  12:29  Marine x4  
  116  12:31  Marine  
  108  12:38  Marauder  
  108  12:40  Marine, Siege Tank  
  110  12:47  Marine  
  108  13:00  Marine  
  108  13:01  Marine x5  
  108  13:03  Siege Tank  
  108  13:04  Marine  
  117  13:12  Siege Tank  
  120  13:18  Marine  
  120  13:19  Marine x5  
  126  13:22  Marine  
  126  13:23  SCV  
  128  13:33  Medivac  
  124  13:35  Siege Tank  
  124  13:36  Command Center, Marine x4  
  124  13:37  Starport Reactor  
  124  13:44  Siege Tank  
  124  13:46  Missile Turret, Terran Infantry Armor Level 2  
  110  14:04  Marine x5  
  110  14:05  Marauder  
  110  14:07  Siege Tank  
  117  14:16  Marine  
  115  14:18  Siege Tank  
  115  14:21  Marine  
  115  14:22  Marine  
  120  14:26  Marauder  
  118  14:37  Marine  
  115  14:39  Siege Tank  
  118  14:47  Marauder  
  118  14:49  Missile Turret  
  118  14:51  Missile Turret  
  118  14:54  Siege Tank  
  118  15:09  Marauder  
  118  15:11  Siege Tank  
  98  15:25  Marine x2  
  98  15:26  Siege Tank  
  103  15:35  Marine  
  103  15:36  Missile Turret, Marine  
  103  15:37  Medivac x2  
  103  15:38  Liberator, Viking  
  116  15:43  Barracks, Siege Tank  
  116  15:44  Missile Turret  
  116  15:46  Marine  
  116  15:47  Marauder, Barracks  
  120  15:50  Marine  
  121  15:58  Siege Tank  
  109  16:08  Marauder, Marine  
  109  16:11  Marine  
  109  16:15  Siege Tank  
  109  16:17  Liberator x2  
  119  16:24  Planetary Fortress  
  114  16:30  Marauder, SCV, Siege Tank  
  109  16:35  SCV  
  109  16:37  Marine, Refinery  
  109  16:39  Refinery  
  108  16:42  Marine  
  108  16:50  Barracks Tech Lab x2  
  108  16:51  Terran Infantry Armor Level 3, Marauder  
  108  16:53  Sensor Tower  
  110  16:55  SCV  
  110  16:57  SCV  
  112  17:01  Marine  
  112  17:03  Marine  
  112  17:04  Marine  
  112  17:08  Barracks  
  115  17:10  Siege Tank  
  115  17:12  Missile Turret, Marauder  
  120  17:23  Marine x3  
  120  17:24  Marauder  
  120  17:25  Siege Tank  
  128  17:33  Marine  
  128  17:34  Marauder x2  
  128  17:35  Marine  
  134  17:37  Medivac  
  134  17:42  Marine  
  134  17:43  Marine  
  138  17:45  Medivac, Marauder  
  138  17:49  Siege Tank  
  145  17:53  Marine  
  145  17:54  Barracks  
  145  17:55  Marauder x2, SCV  
  145  17:58  Barracks Tech Lab  
  151  18:00  SCV  
  152  18:07  Marauder  
  150  18:16  Marauder  
  115  18:22  Marine x2  
  115  18:23  Marauder x2  
  115  18:26  Marine x2  
  106  18:28  Marauder  
  106  18:30  Marine x2  
  106  18:32  Siege Tank  
  113  18:35  SCV  
  113  18:38  Marauder  
  116  18:41  Marine  
  116  18:44  Marauder x2  
  118  18:48  Marine  
  118  18:50  Marauder  
  106  18:59  Marauder  
  106  19:01  Marine  
  94  19:03  Marine x2  
  94  19:04  Marine  
  94  19:05  Marauder  
  94  19:06  Marauder  
  99  19:11  Marauder  
  99  19:13  Liberator  
  99  19:15  SCV  
  103  19:22  Marine x2  
  103  19:23  Marine x3  
  105  19:25  SCV  
  105  19:28  SCV  
  105  19:31  Marine  
  82  20:15  SCV  
  82  20:18  Marine x3  
  82  20:19  Marauder  
  82  20:20  Siege Tank x2  
  88  20:35  Marine  
  91  20:36  Marauder  
  91  20:37  Marine x2  
  91  20:38  Marauder  
  95  20:43  Orbital Command  
  95  20:44  Missile Turret  
  95  20:48  Marine x4  
  99  20:52  Siege Tank  
  99  20:54  Siege Tank  
  105  21:04  Marine  
  105  21:05  Marauder  
  99  21:16  Marine x4  
  102  21:20  SCV  
  103  21:32  Marine  
  82  21:33  Marauder  
  82  21:36  Marauder, Marine x2  
  82  21:37  Siege Tank  
  92  21:45  Marine x3  
  94  21:54  Marauder  
  94  21:57  Marine x2  
  94  21:58  Marauder  
  94  22:04  Marine x2  
  75  22:16  Marauder  
  75  22:19  Marauder  
  75  22:21  Marine  
  75  22:22  Marine x4  
  84  22:23  SCV x2  
  86  22:31  Marine, Siege Tank  
  86  22:32  Orbital Command, Siege Tank  
  90  22:42  Marine x2  
  90  22:43  Marauder  
  94  22:49  Missile Turret  
  94  22:50  Refinery  
  94  22:52  Refinery  
  94  22:57  Marine  
  97  23:03  Siege Tank  
  100  23:07  SCV  
  100  23:08  SCV  
  100  23:09  Marine  
  100  23:10  Marauder  
  94  23:21  Marine x3  
  94  23:23  Marine  
  94  23:24  Marine  
  99  23:31  Marauder  
  98  23:40  Siege Tank x2  
  104  23:42  SCV  
  104  23:43  Marine  
  104  23:44  Marine x2  
  108  23:52  Marauder  
  108  23:53  Marine  
  108  23:55  Liberator, Viking  
  106  24:08  SCV  
  93  24:12  Siege Tank x2  
  93  24:14  Marauder  
  96  24:20  Barracks, Marine x2  
  93  24:27  Marine  
  93  24:29  Marine  
  91  24:33  Marine  
  91  24:35  Marauder  
  94  24:44  Marine x3, Siege Tank x2  
  96  24:47  Liberator x2  
  96  24:51  SCV  
  103  24:55  Barracks  
  103  24:56  Missile Turret  
  103  24:57  Missile Turret, Marauder, Refinery  
  103  24:59  Refinery  
  105  25:00  SCV  
  105  25:01  Marine x3  
  109  25:11  Marine x3  
  112  25:18  Marauder, Barracks Tech Lab  
  114  25:23  Supply Depot  
  114  25:24  Supply Depot  
  114  25:27  Marine  
  110  25:34  Marine x4  
  114  25:36  Neosteel Armor  
  114  25:39  Marauder  
  116  25:44  Marine  
  116  25:45  Marauder  
  116  25:47  Marine x2  
  111  25:52  Marine x2  
  111  25:53  Marine x2  
  107  26:00  Siege Tank x2  
  107  26:01  Marauder  
  107  26:02  Marine  
  114  26:05  Marine x2  
  114  26:06  Marauder  
  112  26:15  Marine  
  109  26:19  Marine x3  
  109  26:20  Marine  
  109  26:22  Marauder  
  103  26:26  SCV  
  103  26:28  Marauder, Marine x2  
  103  26:32  SCV  
  103  26:33  Marine  
  103  26:37  Marine x2  
  103  26:38  SCV  
  107  26:41  Barracks  
  107  26:42  Barracks  
  107  26:43  Marauder  
  107  26:44  SCV  
  107  26:46  Supply Depot  
  110  26:49  Marauder  
  110  26:51  SCV  
  113  27:05  Marauder  
  114  27:10  Marauder  
  116  27:21  Concussive Shells  
  116  27:24  Barracks Tech Lab  
  116  27:26  Marauder  
  116  27:27  Siege Tank x2  
  116  27:29  Viking  
  126  27:30  Marine x2  
  126  27:32  Marauder  
  126  27:35  Marine  
  126  27:36  Marine x3  
  134  27:38  Marine x2  
  136  27:47  Missile Turret  
  136  27:48  Missile Turret, Marauder, Marine x2  
  140  27:53  Marauder, Marine  
  140  27:54  Missile Turret, Marine x2  
  145  27:59  Marine x4, Siege Tank x2, Barracks  
  145  28:00  Barracks  
  145  28:02  Medivac  
  145  28:04  Medivac  
  159  28:06  Marine  
  160  28:14  Marine  
  160  28:16  Medivac  
  160  28:18  Marine x2  
  165  28:20  Barracks Reactor  
  165  28:22  Marine  
  165  28:24  Marine  
  167  28:30  Marine x3  
  167  28:31  Siege Tank  
  167  28:32  Marine  
  148  28:55  Medivac x3  
  142  29:05  Siege Tank  
  145  29:13  Siege Tank  
  135  29:30  Marauder, Marine  
  107  29:33  Marine x2  
  107  29:34  Marauder  
  107  29:37  Siege Tank  
  104  29:39  Marine x2  
  104  29:40  Marauder, Marine x2  
  105  29:50  Marine, Siege Tank  
  105  29:51  Marine  
  107  29:55  Marine x4  
  107  29:58  SCV  
  112  30:04  Liberator  
  115  30:09  Marine  
  116  30:27  Marine x3  
  116  30:28  Marine  
  104  30:52  Marine x5  
  104  30:53  Marauder x2, Marine x2  
  112  30:57  Marine x3  
  115  31:09  Marine  
  115  31:10  Marine x2  
  118  31:27  Command Center  
  118  31:38  Marine x4  
  118  31:39  Marauder  
  112  32:01  Marine  
  112  32:02  Marauder, Marine x3  
  112  32:03  Marauder x2  
  116  32:13  Marine  
  116  32:14  Marine  
  118  32:24  Marauder  
Show
View Real Time Build Order
Export as new Build Order

bigbrothers Terran - Winner!

Build Orders:  

Get SALT Encoding   

  12  0:00  SCV  
  13  0:12  SCV  
  14  0:18  Supply Depot  
  14  0:24  SCV  
  15  0:39  SCV  
  15  0:40  Barracks  
  16  0:44  Refinery  
  16  0:51  SCV  
  17  1:04  SCV  
  18  1:16  SCV  
  19  1:27  Marine  
  19  1:28  SCV  
  19  1:30  Barracks  
  21  1:36  Supply Depot  
  21  1:44  Orbital Command  
  21  1:57  Marine  
  22  2:05  Factory  
  22  2:24  Command Center  
  22  2:27  SCV  
  23  2:35  Reaper x2  
  24  2:39  SCV  
  25  2:50  Refinery  
  25  2:52  SCV  
  25  2:54  Factory Tech Lab  
  26  3:07  SCV  
  26  3:09  Marine x2  
  29  3:15  Starport  
  29  3:19  SCV  
  30  3:30  Barracks Reactor, Barracks Tech Lab  
  30  3:31  SCV  
  31  3:38  Hellion  
  34  3:43  Orbital Command, SCV  
  34  3:45  Supply Depot  
  34  3:55  SCV  
  35  3:59  Siege Tank  
  39  4:06  Marauder, Concussive Shells  
  39  4:07  SCV  
  41  4:14  SCV  
  41  4:15  Supply Depot  
  42  4:19  SCV, Marine x2  
  45  4:26  SCV  
  45  4:27  Marauder  
  45  4:29  Medivac  
  50  4:31  SCV  
  50  4:37  Marine  
  50  4:38  Marine  
  53  4:42  Hellion  
  55  4:47  Supply Depot, SCV x2  
  57  4:53  Stimpack  
  57  4:54  Marine  
  57  4:59  SCV  
  60  5:00  SCV  
  60  5:02  Starport Reactor  
  60  5:16  SCV x2  
  62  5:22  Command Center, Refinery  
  62  5:24  Refinery  
  62  5:28  SCV x2  
  64  5:34  Siege Tank  
  64  5:35  Marine x2  
  67  5:40  SCV  
  67  5:41  Engineering Bay  
  70  5:44  Supply Depot, Engineering Bay  
  70  5:48  Marauder  
  70  6:06  Medivac, SCV x2, Marine x2  
  78  6:18  Marauder, Terran Infantry Weapons Level 1  
  78  6:19  Terran Infantry Armor Level 1  
  78  6:23  Barracks  
  78  6:29  Supply Depot  
  78  6:31  Supply Depot  
  78  6:34  SCV x2  
  78  6:37  Orbital Command  
  78  6:38  Marine  
  78  6:39  Marine  
  84  6:40  Marauder  
  84  6:41  Supply Depot, Siege Tank  
  84  6:44  Supply Depot, Medivac  
  84  6:45  Viking  
  84  6:46  SCV x2  
  93  6:58  SCV x2  
  92  7:10  SCV  
  85  7:24  Viking x2  
  89  7:30  Siege Tank  
  89  7:32  Barracks Tech Lab  
  89  7:35  Barracks Reactor, Marine  
  89  7:36  Marauder, Marine  
  96  7:39  SCV x2  
  96  7:40  Orbital Command  
  98  7:48  Barracks  
  98  7:51  Barracks  
  97  7:52  Factory  
  90  8:05  Siege Tank  
  88  8:31  Marine x4  
  88  8:32  Marauder  
  93  8:46  Barracks Reactor, Barracks Tech Lab  
  93  8:48  Factory Tech Lab  
  84  9:21  Orbital Command  
  83  9:29  Viking x2  
  85  9:31  Siege Tank x2  
  91  9:42  SCV x2  
  88  9:46  Armory  
  83  9:54  SCV  
  83  9:56  SCV x2  
  86  10:01  Armory  
  86  10:05  Siege Tank x2  
  86  10:06  Marine x5  
  86  10:07  Marine  
  97  10:08  Marauder x2  
  102  10:14  Refinery  
  102  10:15  Command Center  
  102  10:18  Refinery  
  102  10:21  Combat Shield  
  102  10:24  Marine x6  
  108  10:35  Medivac x2  
  116  10:36  Marauder x2  
  116  10:51  Sensor Tower  
  116  10:53  Siege Tank  
  116  10:54  Sensor Tower, Marine x3, Siege Tank  
  125  11:10  Command Center, Terran Infantry Weapons Level 2  
  125  11:11  Terran Infantry Armor Level 2  
  125  11:13  Terran Vehicle Weapons Level 1  
  125  11:25  Supply Depot x2  
  125  11:26  Thor, SCV x3, Marine x4  
  125  11:27  Marauder  
  125  11:30  Supply Depot  
  140  11:34  Orbital Command  
  140  11:46  Viking x2, Marine x2  
  140  11:47  Marauder  
  146  12:04  Marine  
  125  12:27  Marine x5  
  125  12:28  Marauder, Marine  
  92  12:38  Siege Tank x2  
  92  12:43  Marine  
  95  12:44  Marine  
  95  12:45  Marine  
  95  12:46  Viking x2  
  85  13:06  Marine x6  
  85  13:07  Marauder  
  85  13:08  Marauder  
  85  13:10  Siege Tank  
  95  13:13  Thor  
  100  13:23  Marine x2  
  100  13:24  Marine  
  98  13:39  Marine x3  
  98  13:40  Marine  
  102  13:41  Thor  
  90  13:58  Thor  
  90  14:00  Orbital Command  
  70  14:15  Marine  
  70  14:16  Marine x4  
  70  14:17  Marauder, Marine  
  75  14:19  Viking x2  
  79  14:31  Orbital Command  
  73  14:33  SCV x3  
  75  14:39  Marauder  
  75  14:40  Refinery, Siege Tank  
  75  14:42  Siege Tank  
  75  14:45  SCV  
  84  14:50  Terran Vehicle Weapons Level 2  
  84  14:52  Terran Infantry Armor Level 3, Terran Infantry Weapons Level 3  
  84  14:53  Orbital Command, Marine  
  83  15:14  Marine x6  
  76  15:43  Siege Tank x2  
  76  16:07  Marine x4  
  76  16:08  Marauder, Marine x2  
  84  16:16  SCV x4  
  81  16:32  Marine x5  
  77  16:33  Marine  
  77  16:34  Marauder  
  80  16:43  Thor x2  
  80  16:45  SCV x2  
  80  16:46  SCV x3  
  97  17:02  Thor x2, Viking  
  97  17:04  Medivac  
  97  17:05  SCV x3  
  97  17:06  SCV  
  97  17:07  SCV  
  106  17:19  Marine x3  
  106  17:20  Marine x3  
  106  17:21  Marauder  
  114  17:29  Terran Vehicle Weapons Level 3  
  114  17:32  Hellion  
  114  17:33  Hellion  
  118  17:37  Marine x2  
  120  18:03  SCV  
  120  18:04  SCV x4  
  109  18:18  Marine  
  109  18:19  Marine x5  
  106  18:20  Marauder  
  108  18:37  Medivac x2  
  99  18:59  Marine x3  
  99  19:00  Marine x4  
  101  19:04  Thor x2  
  110  19:18  Marauder  
  98  19:40  Marauder  
  98  19:44  Marine x4  
  98  19:45  Marine  
  90  20:01  Marauder  
  90  20:07  Thor x2  
  94  20:22  SCV  
  94  20:23  Marauder, SCV x2  
  94  20:24  Marine x3  
  94  20:25  Marine x3  
  94  20:27  Terran Vehicle And Ship Armor Level 1  
  105  20:29  Viking x2  
  105  20:33  Refinery  
  105  20:35  Refinery  
  109  20:44  Marauder  
  104  21:28  Marine x4  
  104  21:29  Marine x2  
  104  21:30  Marauder  
  104  21:31  Siege Tank x2  
  104  21:32  Viking x2  
  88  22:14  Viking x2  
  90  22:16  SCV x3  
  90  22:19  Orbital Command  
  92  22:32  Marine x5  
  92  22:33  Marine  
  92  22:34  Marauder  
  92  22:36  Hellion x2  
  104  22:44  Viking  
  104  22:46  SCV x2  
  104  22:47  SCV x2  
  110  22:55  Marauder  
  110  22:57  Hellion  
  114  23:05  Marine x6  
  118  23:16  Marauder  
  89  23:38  Marauder  
  89  23:45  Refinery  
  89  23:47  Refinery  
  85  24:09  Marine x5  
  79  24:19  SCV x3  
  79  24:20  SCV  
  77  24:31  SCV x2  
  74  24:45  SCV x2  
  74  24:46  SCV  
  74  24:51  SCV  
  74  24:52  Marine x4  
  79  24:53  Marauder  
  79  24:54  Factory Tech Lab  
  79  24:56  Hellion  
  85  25:09  SCV x2  
  85  25:10  SCV  
  81  25:31  SCV x3  
  81  25:35  Orbital Command  
  84  25:43  SCV  
  79  25:58  SCV x2  
  79  25:59  SCV  
  79  26:02  Refinery  
  82  26:07  Refinery  
  82  26:10  SCV  
  76  26:37  SCV x2  
  76  26:38  SCV  
  79  26:46  Marine  
  79  26:47  Marine x4  
  80  26:49  Thor x2  
  88  27:05  Marauder  
  84  27:08  SCV  
  85  27:41  Supply Depot  
  85  27:52  Terran Vehicle And Ship Armor Level 2  
  85  28:03  Medivac, SCV, Marauder, Siege Tank  
  85  28:04  Supply Depot  
  93  28:25  Medivac, Marine x4  
  93  28:26  SCV x2  
  101  28:35  Supply Depot  
  101  28:37  SCV  
  91  28:42  Siege Tank  
  91  28:46  Marine x3  
  83  28:49  SCV, Siege Tank  
  84  29:01  Orbital Command  
  84  29:07  SCV  
  85  29:19  SCV x2, Siege Tank  
  34  29:51  Marine x2  
  34  29:52  Marine x2  
  31  29:53  Marauder  
  31  30:09  Marine x2  
  33  30:20  Marine  
  33  30:21  Marine x2  
  36  30:34  Marine  
  37  30:39  Marauder  
  37  30:41  Orbital Command  
  36  30:54  Marine  
  36  30:55  Marine  
  35  31:03  SCV  
  19  31:43  Marine x2  
  19  31:44  Marine  
Tags
 
League
Platinum
Matchup
TvT
Race
Terran
Spawn Locations
Cross Positions
Add a new tag
Caveats
  • Supply blocks, unpowered buildings, or Contaminate may cause inaccurate times.
  • Supply counts are checked every 10 seconds.